Map: Acropolis LE

Players

Rescue - Winner!

  • Race: Zerg Zerg
  • League: Master
  • Spawn Location: 11:00

PlayerTwo

  • Race: Zerg Zerg
  • League: Diamond
  • Spawn Location: 5:00

VOD

Have the link to the VOD?

Description

Time

  • Played on: Sept. 29, 2019, 2:37 p.m.
  • Length: 7:04
Show
View Real Time Build Order
Export as new Build Order

Rescue Zerg - Winner!

Build Orders: Hatch First, Roach Nydus 

Get SALT Encoding   

  12  0:01  Drone  
  13  0:13  Overlord  
  13  0:18  Drone  
  14  0:32  Drone x2  
  16  0:49  Hatchery  
  15  0:53  Drone  
  15  0:57  Drone  
  17  1:12  Spawning Pool  
  17  1:15  Drone  
  17  1:21  Drone x2  
  19  1:35  Drone  
  20  1:41  Overlord  
  20  1:59  Queen  
  20  2:00  Zergling x2  
  20  2:01  Queen  
  23  2:02  Drone x2  
  27  2:09  Spine Crawler  
  27  2:12  Zergling x2  
  28  2:18  Drone  
  29  2:23  Drone x2  
  31  2:34  Overlord, Queen  
  31  2:36  Drone, Queen  
  36  2:46  Extractor x2  
  33  2:55  Overlord  
  33  2:56  Drone x3  
  36  3:06  Drone x2  
  38  3:17  Drone x6  
  44  3:29  Overlord  
  44  3:31  Drone  
  44  3:44  Evolution Chamber  
  44  3:45  Roach Warren  
  42  3:51  Lair, Evolution Chamber  
  42  3:52  Drone x8  
  49  3:58  Drone x2  
  51  4:08  Drone  
  53  4:10  Zerg Missile Weapons Level 1  
  53  4:15  Extractor  
  52  4:17  Drone, Extractor  
  52  4:18  Drone  
  53  4:24  Roach  
  53  4:25  Roach x2  
  53  4:26  Overlord x2  
  59  4:38  Hatchery  
  58  4:47  Roach x5  
  58  4:49  Overseer  
  68  4:57  Queen x2  
  72  5:02  Glial Reconstitution  
  72  5:05  Roach  
  74  5:19  Overlord x6  
  74  5:37  Roach x5  
  74  5:38  Nydus Network  
  74  5:39  Overseer  
  83  5:48  Roach x4  
  91  5:51  Drone  
  91  5:53  Roach  
  91  5:55  Drone  
  95  6:06  Roach x5  
  105  6:16  Nydus Canal  
  105  6:22  Roach x3  
  111  6:26  Roach x2  
  111  6:30  Nydus Canal  
  115  6:43  Roach x6  
Show
View Real Time Build Order
Export as new Build Order

PlayerTwo Zerg 

Build Orders: Hatch First 

Get SALT Encoding   

  12  0:01  Drone  
  13  0:12  Overlord  
  13  0:17  Drone  
  14  0:31  Drone x2  
  16  0:49  Hatchery  
  15  0:52  Drone  
  15  0:57  Drone  
  17  1:11  Spawning Pool  
  17  1:14  Drone  
  17  1:18  Drone  
  18  1:21  Extractor  
  18  1:22  Drone  
  18  1:28  Drone  
  19  1:39  Drone  
  20  1:50  Overlord  
  20  2:01  Queen  
  20  2:02  Queen  
  20  2:03  Drone x2  
  26  2:13  Drone x2  
  28  2:23  Zergling x4  
  30  2:38  Drone x2, Queen  
  30  2:43  Lair  
  34  2:46  Overlord, Evolution Chamber  
  33  2:55  Drone x3  
  36  3:04  Roach Warren  
  35  3:12  Drone x2  
  37  3:18  Zerg Missile Weapons Level 1  
  37  3:19  Drone x2  
  40  3:20  Drone  
  40  3:22  Overlord  
  40  3:29  Extractor  
  40  3:32  Drone x2, Extractor  
  40  3:35  Drone  
  41  3:43  Drone  
  41  3:44  Glial Reconstitution  
  41  3:48  Drone x2  
  44  3:49  Roach  
  46  3:56  Drone  
  46  3:57  Drone, Roach  
  46  4:00  Overlord  
  50  4:12  Hatchery, Drone  
  50  4:14  Drone  
  51  4:25  Roach x4  
  51  4:27  Drone  
  51  4:29  Overlord  
  60  4:41  Overlord  
  60  4:46  Evolution Chamber  
  60  4:52  Roach x4  
  67  4:57  Overlord  
  67  4:59  Overlord  
  65  5:26  Drone, Queen  
  65  5:27  Drone x6  
  65  5:28  Roach x2  
  78  5:35  Ravager x2  
  81  5:36  Drone x2, Ravager  
  81  5:37  Drone x2  
  81  5:39  Roach  
  88  5:42  Drone  
  88  5:46  Drone  
  88  5:47  Roach  
  88  5:48  Overlord  
  91  6:00  Roach  
  91  6:01  Roach x2  
  97  6:06  Overlord x3  
  97  6:07  Overlord  
  97  6:14  Drone  
  97  6:17  Overlord x2  
  97  6:18  Extractor  
  97  6:20  Extractor  
  97  6:23  Drone x2  
  98  6:33  Roach x4  
Tags
 
Add a new tag
Caveats
  • Supply blocks, unpowered buildings, or Contaminate may cause inaccurate times.
  • Supply counts are checked every 10 seconds.